 Seeded DCSS version 0.28.0-45-g0d030f2227 (webtiles) character file.

Game seed: 20220422 (custom seed)

78 jessy the Chopper (level 4, 0/34 HPs)
             Began as a Human Gladiator on Apr 22, 2022.
             Was an Initiate of Elyvilon.
             Slain by a worm (8 damage)
             ... on level 3 of the Dungeon.
             The game lasted 00:10:47 (3481 turns).

jessy the Chopper (Human Gladiator)                 Turns: 3481, Time: 00:10:47

Health: 0/34       AC:  6    Str: 16    XL:     4   Next: 61%
Magic:  4/4        EV: 12    Int:  9    God:    Elyvilon [......]
Gold:   89         SH:  0    Dex: 14    Spells: 3/3 levels left

rFire   . . .      SeeInvis .   z - +0 halberd
rCold   . . .      Faith    .   (shield currently unavailable)
rNeg    . . .      Spirit   .   u - +0 ring mail
rPois   .          Reflect  .   c - +0 helmet
rElec   .          Harm     .   (no cloak)
rCorr   .          Rampage  .   (no gloves)
Will    .....                   (no boots)
Stlth   +.........              (no amulet)
HPRegen 0.11/turn               (no ring)
MPRegen 0.09/turn               (no ring)

@: no status effects
A: no striking features
a: Renounce Religion


You were on level 3 of the Dungeon.
You worshipped Elyvilon.
Elyvilon was noncommittal.
You visited 1 branch of the dungeon, and saw 3 of its levels.

You collected 89 gold pieces.

Inventory:

Hand Weapons
 a - a +0 war axe
 e - a +0 club
 h - a +0 rapier
 n - a +0 whip
 o - a +0 short sword
 p - a +0 dagger
 q - a +0 hunting sling
 r - a +0 hand axe
 z - a +0 halberd (weapon)
 B - a +0 falchion
Missiles
 d - 3 throwing nets
 g - 46 stones
 k - 11 boomerangs (quivered)
 s - 24 arrows
 v - 13 sling bullets
 w - 15 bolts
Armour
 b - a +0 leather armour
 c - a +0 helmet (worn)
 j - a +0 leather armour
 u - a +0 ring mail (worn)
 C - a +0 robe
Scrolls
 f - a scroll of holy word {unknown}
 m - a scroll of teleportation {unknown}
 x - a scroll of immolation {unknown}
 y - 2 scrolls of identify {unknown}
 A - a scroll of fear {unknown}
Potions
 i - 2 potions of heal wounds {unknown}
 l - 2 potions of resistance {unknown}
 t - a potion of lignification {unknown}


   Skills:
 + Level 2.5 Fighting
 + Level 3.8(3.9) Axes
 + Level 0.3(2.3) Polearms
 + Level 2.1 Throwing
 + Level 1.4 Armour
 + Level 3.4 Dodging
 + Level 0.2 Stealth


You had 3 spell levels left.
You didn't know any spells.
Your spell library was empty.

Dungeon Overview and Level Annotations

Branches:
Dungeon (3/15)

Altars:
Elyvilon


Message History

You see here a +0 dagger.
There is an open door here.
You open the door.
There is an open door here.
Found a white marble altar of Elyvilon.
Found 12 gold pieces.
There is a white marble altar of Elyvilon here.
You now have 89 gold pieces (gained 12).
There is a white marble altar of Elyvilon here.
You kneel at the altar of Elyvilon.
Elyvilon welcomes you!
A hobgoblin comes into view.
The hobgoblin shouts!
The hobgoblin barely misses you.
You barely miss the hobgoblin. The hobgoblin closely misses you.
You slash the hobgoblin!
You kill the hobgoblin!
You open the door.
There is an open door here.
A worm comes into view.
The worm bites you!
You hit the worm.
The worm is moderately wounded.
The worm bites you!
You slash the worm!
The worm is severely wounded.
The worm bites you!
You barely miss the worm.
The worm is severely wounded.
You barely miss the worm.
The worm is severely wounded.
The worm barely misses you.
You hit the worm.
The worm is severely wounded.
The worm bites you.
* * * LOW HITPOINT WARNING * * *
You barely miss the worm.
The worm is severely wounded.
The worm bites you!
You die...

#.#........#
#..........#.#
##########.#.#
###########.#.#
#...........#.#
#.###########.#
#.# #.# #.# #w#
#.# #@#
#.###########.#
#.............#
###############


You could see a worm.

Vanquished Creatures
  2 adders (D:2)
  A dart slug (D:2)
  6 orcs (D:3)
  7 bats (D:1)
  2 endoplasms
  A giant cockroach (D:2)
  2 hobgoblins
  2 quokkas
  8 ball pythons
  9 goblins
  3 kobolds
  6 rats
49 creatures vanquished.

Notes
Turn   | Place    | Note
-------+----------+-------------------------------------------
     0 | D:1      | jessy the Human Gladiator began the quest for the Orb.
     0 | D:1      | Reached XP level 1. HP: 16/16 MP: 1/1
    97 | D:1      | Reached XP level 2. HP: 18/22 MP: 2/2
   462 | D:1      | Reached XP level 3. HP: 21/27 MP: 3/3
  2140 | D:2      | Reached XP level 4. HP: 34/34 MP: 4/4
  2454 | D:2      | Reached skill level 1 in Armour
  3367 | D:3      | Found a white marble altar of Elyvilon.
  3384 | D:3      | Became a worshipper of Elyvilon the Healer
  3481 | D:3      | Slain by a worm

Illustrated notes

Levels and vault maps discovered:
D:1:      amcnicky_arrival_blooded_trapdoor, layout_loops_ring, serial_rivers,
          chequers_serial_rivers_small_b, chequers_serial_rivers_small_b,
          chequers_serial_rivers_micro_b, chequers_serial_rivers_micro_e,
          chequers_serial_rivers_marsh, chequers_serial_rivers_marsh
D:2:      layout_basic
D:3:      layout_basic, mainiacjoe_overflow_alcove_2,
          mainiacjoe_overflow_boulevard, minmay_quadrilaterals

Skill      XL: |  1  2  3  4 |
---------------+-------------+-----
Armour         | 1 |  1.4
Fighting       | |  2.5
Axes           | |  3.8
Polearms       | |  0.3
Throwing       | |  2.1
Dodging        | |  3.4
Stealth        | |  0.2

Action                   |  1- 3 |  4- 6 || total
-------------------------+-------+-------++-------
Melee: War axe           |    98 |     4 ||   102
       Punch             |     3 |       ||     3
       Halberd           |       |    37 ||    37
Armor: Leather armour    |    44 |       ||    44
       Ring mail         |    11 |    21 ||    32
Dodge: Dodged            |   114 |    45 ||   159
